 Dungeon Crawl Stone Soup version 0.23-a0-690-g0a1fc62 (webtiles) character file.

72 Amnesiac the Shield-Bearer (level 4, -2/31 HPs)
             Began as an Octopode Fighter on Jan 11, 2019.
             Slain by an orc priest
             ... wielding a +0 flail
              (11 damage)
             ... on level 4 of the Dungeon.
             The game lasted 00:02:52 (787 turns).

Amnesiac the Shield-Bearer (Octopode Fighter)        Turns: 787, Time: 00:02:52

Health: -2/31      AC:  1    Str: 15    XL:     4   Next: 26%
Magic:  4/4        EV: 12    Int: 10    God:
Gold:   23         SH:  9    Dex: 12    Spells: 3/3 levels left

rFire    . . .     SeeInvis .   a - +0 long sword
rCold    . . .     Gourm    .   b - +0 shield
rNeg     . . .     Faith    .   (helmet restricted)
rPois    .         Spirit   .   (no amulet)
rElec    .         Reflect  .   j - ring of stealth
rCorr    .         Harm     .   (no ring)
MR       .....                  (no ring)
Stlth    +++.......             (no ring)
HPRegen  0.10/turn              (no ring)
MPRegen  0.09/turn              (no ring)
                                (no ring)
                                (no ring)

@: no status effects
A: almost no armour, stealthy swim, amphibious, 8 rings, constrict 8, camouflage
1, gelatinous body 1
a: no special abilities


You were on level 4 of the Dungeon.
You were not hungry.

You visited 1 branch of the dungeon, and saw 4 of its levels.

You collected 23 gold pieces.

Inventory:

Hand Weapons
 a - a +0 long sword (weapon)
Armour
 b - a +0 shield (worn)
Jewellery
 j - a ring of stealth (left tentacle)
Scrolls
 e - a scroll of immolation {!r, unknown}
 f - 3 scrolls of teleportation {!r, unknown}
 h - 2 scrolls of remove curse {!r, unknown}
 n - a scroll of blinking {!r, unknown}
 o - 2 scrolls of identify {!r, unknown}
 p - a scroll of random uselessness {!r, unknown}
Potions
 c - a potion of might {!q}
 g - a potion of invisibility {!q, unknown}
 i - 2 potions of heal wounds {!q, unknown}
 k - 2 potions of curing {!q, unknown}
 m - a potion of degeneration {!q, unknown}
Comestibles
 d - 2 rations


   Skills:
 + Level 3.4 Fighting
 * Level 3.1 Long Blades
 + Level 3.4 Dodging
 + Level 3.4 Shields


You had 3 spell levels left.
You didn't know any spells.
Your spell library was empty.

Dungeon Overview and Level Annotations

Branches:
Dungeon (4/15)
 Temple: D:4-7

Altars:
Ru


Innate Abilities, Weirdness & Mutations

You cannot wear most types of armour.
You are very stealthy in the water. (Stealth+)
You are amphibious.
You can wear up to eight rings at the same time.
You can use your tentacles to constrict eight enemies at once.
Your skin changes colour to match your surroundings (Stealth+).
Your rubbery body absorbs attacks. (AC +1, EV +1)


Message History

The orc priest mumbles some strange prayers to Beogh against you.
Beogh smites you! The jackal misses you.
You riposte.
You barely miss the jackal. You squeeze the jackal.
You kill the jackal!
You hit the jackal.
The jackal is severely wounded.
You block the jackal's attack. The jackal bites you.
* * * LOW HITPOINT WARNING * * *
You hit the jackal. You grab the jackal.
The jackal is almost dead.
You constrict the jackal, but do no damage.
The jackal closely misses you. You block the jackal's attack.
You barely miss the jackal. You squeeze the jackal.
You kill the jackal!
You block the jackal's attack.
You hit the jackal but do no damage. The jackal misses you.
You riposte.
You slash the jackal!
You kill the jackal!
There is a stone staircase leading up here.
You swing at nothing.
You hit the orc.
The orc is heavily wounded.
The orc misses you.
You barely miss the orc. You squeeze the orc.
You kill the orc!
Your shield prevents you from hitting the orc.
You grab the orc. You constrict the orc. The orc closely misses you.
You riposte.
You hit the orc.
You kill the orc!
You slash the orc!
You kill the orc!
You start resting.
Some of the chunks of flesh in your inventory have rotted away.
The jackal is too close now for your liking.
You swing at nothing.
You swing at nothing.
You climb upwards.
There is a stone staircase leading down here.
No target in view!
You start resting.
Some of the chunks of flesh in your inventory have rotted away.
HP restored.
You start resting.
Some of the chunks of flesh in your inventory have rotted away.
HP restored.
All of the chunks of flesh in your inventory have rotted away.
You climb downwards.
There is a stone staircase leading up here.
You start waiting.
The jackal is too close now for your liking.
A jackal is nearby!
The jackal barks!
The orc priest looks braver for a moment.
The jackal barely misses you.
You riposte.
You hit the jackal. You grab the jackal. You squeeze the jackal.
You kill the jackal!
The orc priest hits you with a +0 flail!
You closely miss the orc priest.
The orc priest hits you with a +0 flail!
* * * LOW HITPOINT WARNING * * *
You barely miss the orc priest. The orc priest barely misses you.
The orc priest hits you with a +0 flail!
You die...

#.####.########
.####........#
#........#.# # #........#
.##. #......).###...
#.........#..##.#
#.......([.....(##
#.#..†o....#...# ..##
#.###.@.<[...#.##...
#.###.####..##..#.##
#.....# ##.###....####
#....## #..o..#.^....
#....#########....#
#......o.......#h.##
###....#######h[.......
........o.h.....###....#..
#.......######### ##.#...


You could see an orc priest.

Vanquished Creatures
  An adder (D:3)
  A howler monkey skeleton (D:4)
  A dart slug (D:2)
  7 orcs
  3 bats
  2 giant cockroaches
  3 goblins
  2 hobgoblins (D:3)
  4 jackals (D:4)
  6 kobolds
  A quokka (D:3)
  3 frilled lizards
  8 rats
42 creatures vanquished.

Notes
Turn   | Place    | Note
-------+----------+-------------------------------------------
     0 | D:1      | Amnesiac the Octopode Fighter began the quest for the Orb.
     0 | D:1      | Reached XP level 1. HP: 16/16 MP: 1/1
   110 | D:2      | Reached XP level 2. HP: 21/21 MP: 2/2
   205 | D:3      | Reached XP level 3. HP: 23/26 MP: 3/3
   248 | D:3      | Found a sacrificial altar of Ru.
   594 | D:4      | Reached XP level 4. HP: 30/31 MP: 4/4
   787 | D:4      | Slain by an orc priest

Vault maps used:
D:1:      dpeg_arrival_castle
D:2:      marbit_many_paths, first_ration, minmay_tetromino_o4
D:3:      nicolae_ru_great_annihilating_truth, serial_bayou_pond_d
D:4:      minmay_temple_entry_nine_rooms

Skill      XL: |  1  2  3 |
---------------+----------+-----
Long Blades    | 3 |  3.1
Fighting       | |  3.4
Dodging        | |  3.4
Shields        | |  3.4

Action                   |  1- 3 |  4- 6 || total
-------------------------+-------+-------++-------
Melee: Long sword        |    58 |    11 ||    69
       Constrict         |    15 |     3 ||    18
       Tentacles         |    12 |     4 ||    16
 Stab: Sleeping          |     7 |       ||     7
       Paralysed         |     1 |       ||     1
Armor: Skin              |     4 |       ||     4
Dodge: Dodged            |    22 |     8 ||    30
Block: Shield            |    26 |     5 ||    31
       Rpst.: Long sword |     6 |     4 ||    10

Table legend:
 A = Non-vault XP
 B = Vault XP
 C = Vault XP percentage of total XP
 D = Non-vault monster count
 E = Vault monster count
 F = Vault count percentage of total count
                 A         B        C        D         E       F
            +---------+---------+-------+---------+---------+-------
      Total |      91 |      13 |  12.5 |      34 |       8 |  19.0
            +---------+---------+-------+---------+---------+-------
        D:1 |       8 |       0 |   0.0 |       5 |       0 |   0.0
        D:2 |      15 |       6 |  28.6 |       8 |       4 |  33.3
        D:3 |      37 |       7 |  15.9 |      13 |       4 |  23.5
        D:4 |      31 |       0 |   0.0 |       8 |       0 |   0.0
            +---------+---------+-------+---------+---------+-------
